 Dungeon Sprint DCSS version 0.17-a0-1184-gb75be8f (webtiles) character file.

24 Kidiri the Merchant of Misery (level 2, -1/15 HPs)
             Began as a Deep Elf Necromancer on June 1, 2015.
             Was a Believer of Kikubaaqudgha.
             Slain by a worker ant (6 damage)
             ... in the Dungeon (Sprint VII: "The Pits").
             The game lasted 00:02:06 (401 turns).

Kidiri the Merchant of Misery (Deep Elf Necromancer) Turns: 401, Time: 00:02:06

Health: -1/15      AC:  2    Str:  5    XL:     2   Next: 79%
Magic:  4/9        EV: 13    Int: 19    God:    Kikubaaqudgha [**....]
Gold:   0          SH:  0    Dex: 15    Spells: 2 memorised, 8 levels left

rFire  . . .     SeeInvis .     n - staff of energy
rCold  . . .     Clarity  .     a - +0 robe
rNeg   . . .     SustAt   .     (no shield)
rPois  .         Gourm    .     (no helmet)
rElec  .         Spirit   .     (no cloak)
rCorr  .         Warding  .     (no gloves)
rMut   .         NoTele   +     (no boots)
MR     .....                    (no amulet)
Stlth  +++.......               (no ring)
                                (no ring)

@: not resistant to hostile enchantments, fairly stealthy
A: no striking features
a: Receive Corpses, Renounce Religion


You were in the Dungeon.
You worshipped Kikubaaqudgha.
Kikubaaqudgha was pleased with you.
You were not hungry.

You visited 1 branch

Inventory:

Hand weapons
 r - a +2 quarterstaff
Armour
 a - a +0 robe (worn)
Magical staves
 n - an uncursed staff of energy (weapon)
Scrolls
 i - a scroll of blinking
 o - 3 scrolls of remove curse
 p - 5 scrolls of amnesia
 q - a scroll of summoning
Potions
 d - a potion of curing
 e - a potion of heal wounds
 f - a potion of haste
 g - 4 potions of magic
 h - 3 potions of berserk rage
 m - 2 potions of invisibility
Books
 b - a book of Necromancy

   Spells                             Type                      Level
   a - Pain                           Necromancy                   1
   b - Animate Skeleton               Necromancy                   1
   c - Vampiric Draining              Necromancy                   3
   d - Regeneration                   Charms/Necromancy            3
   e - Animate Dead                   Necromancy                   4
   f - Control Undead                 Necromancy                   4
 s - Kikubaaqudgha's Reference Book on Necromancy
   (Kikubaaqudgha gifted it to you in the Dungeon)

   Spells                             Type                      Level
   a - Animate Skeleton               Necromancy                   1
   b - Corpse Rot                     Necromancy                   2
   c - Sublimation of Blood           Necromancy                   2
   d - Regeneration                   Charms/Necromancy            3
   e - Control Undead                 Necromancy                   4
Comestibles
 c - 8 bread rations
 j - a chunk of flesh
 k - 40 fruits
 l - 7 meat rations


   Skills:
 + Level 3.4 Dodging
 + Level 4.1 Stealth
 * Level 4.9 Spellcasting
 * Level 6.3 Necromancy


You had 8 spell levels left.
You knew the following spells:

 Your Spells              Type           Power        Failure   Level  Hunger
a - Pain                  Necr           ####         1%          1    None
b - Animate Skeleton      Necr           N/A          1%          1    None


Dungeon Overview and Level Annotations

Branches:
Dungeon (1/1)

Altars:
Ashenzari
Cheibriados
Dithmenos
Elyvilon
Fedhas
Gozag
Kikubaaqudgha
Makhleb
Nemelex Xobeh
Okawaru
Qazlal
Ru
Sif Muna
Trog
Vehumet
Xom
Yredelemnul
Zin
The Shining One
Beogh
Jiyva
Lugonu


Message History

Press: ? - help, Shift-Dir - straight line, f - jackal
Aim: a jackal (chance to defeat MR: 93%)
The jackal convulses in agony!
You kill the jackal!
Kikubaaqudgha accepts your kill. The worker ant bites you.
Casting: Pain
Confirm with . or Enter, or press ? or * to list all spells.
Aiming: Pain
Press: ? - help, Shift-Dir - straight line, f - worker ant
Aim: a worker ant (chance to defeat MR: 89%)
The worker ant convulses in agony!
The worker ant bites you.
Casting: Pain
Confirm with . or Enter, or press ? or * to list all spells.
Aiming: Pain
Press: ? - help, Shift-Dir - straight line, f/p - worker ant
Aim: a worker ant (moderately wounded, chance to defeat MR: 89%)
The worker ant convulses in agony!
The worker ant bites you.
You die...
Kikubaaqudgha rasps: "You have failed me!
Welcome... death!"

#.#####'##############++
#_#.))'.'..##...........
#_#)))#.#?(##......#..#.
#######'#####...........
#...........'...........
#+#####'#####......#..#.
#a #...'.##...........
#..#...#.#####'#####++
#.l#####@##.......#
#..'h..#a##.......#
#..'l..Yl##.......#
#.Y########...<...# #.
#.......# # #.......#
#.......# #########


You could see an ice beast, a worker ant and a giant gecko.

Vanquished Creatures
  An adder (D)
  An ooze (D)
  A goblin (D)
  4 jackals (D)
7 creatures vanquished.

Vanquished Creatures (collateral kills)
  A bat skeleton (D)
  2 jackals (D)
3 creatures vanquished.

Grand Total: 10 creatures vanquished

Notes
Turn   | Place    | Note
--------------------------------------------------------------
     0 | D        | Kidiri the Deep Elf Necromancer began the quest for the Orb.
     0 | D        | Reached XP level 1. HP: 10/10 MP: 6/6
    13 | D        | Learned a level 1 spell: Animate Skeleton
    16 | D        | Reached skill level 5 in Necromancy
    16 | D        | Reached XP level 2. HP: 10/15 MP: 3/9
    29 | D        | Found a sacrificial altar of Ru.
    29 | D        | Found a basalt altar of Yredelemnul.
    29 | D        | Found a shadowy altar of Dithmenos.
    29 | D        | Found a deep blue altar of Sif Muna.
    29 | D        | Found a burning altar of Makhleb.
    29 | D        | Found a shimmering altar of Xom.
    29 | D        | Found an ancient bone altar of Kikubaaqudgha.
    29 | D        | Found a sparkling altar of Nemelex Xobeh.
    30 | D        | Found a glowing golden altar of the Shining One.
    30 | D        | Found a bloodstained altar of Trog.
    30 | D        | Found a shattered altar of Ashenzari.
    30 | D        | Found a white marble altar of Elyvilon.
    30 | D        | Found a snail-covered altar of Cheibriados.
    30 | D        | Found a blossoming altar of Fedhas.
    30 | D        | Found a radiant altar of Vehumet.
    30 | D        | Found a glowing silver altar of Zin.
    30 | D        | Found a corrupted altar of Lugonu.
    30 | D        | Found a viscous altar of Jiyva.
    30 | D        | Found a roughly hewn altar of Beogh.
    30 | D        | Found an iron altar of Okawaru.
    35 | D        | Became a worshipper of Kikubaaqudgha
    41 | D        | Found a stormy altar of Qazlal.
    42 | D        | Found an opulent altar of Gozag.
   167 | D        | Reached skill level 6 in Necromancy
   170 | D        | Acquired Kikubaaqudgha's first power
   170 | D        | Received a gift from Kikubaaqudgha
   177 | D        | Identified Kikubaaqudgha's Reference Book on Necromancy (Kikubaaqudgha gifted it to you in the Dungeon)
   390 | D        | Noticed a worker ant
   391 | D        | Acquired Kikubaaqudgha's second power
   395 | D        | Noticed an ice beast
   401 | D        | Slain by a worker ant

Vault maps used:
D:        pitsprint

Action                   || total
-------------------------++-------
Melee: Staff             ||     1
 Cast: Pain              ||    15
       Animate Skeleton  ||     4
